 Dungeon Crawl Stone Soup version 0.25-a0-496-g8c4878dea3 (webtiles) character file.

Game seed: 12648047276645888856, levelgen mode: deterministic

283 Emblim88 the Ducker (level 6, -2/32 HPs)
             Began as a Spriggan Abyssal Knight on Feb 12, 2020.
             Was a Priest of Lugonu.
             Killed by nerve-wracking pain
             ... invoked by an orc priest
              (12 damage)
             ... on level 5 of the Dungeon.
             The game lasted 00:12:23 (3153 turns).

Emblim88 the Ducker (Spriggan Abyssal Knight)       Turns: 3153, Time: 00:12:24

Health: -2/32      AC:  4    Str:  9    XL:     6   Next: 7%
Magic:  9/9        EV: 21    Int: 13    God:    Lugonu [***...]
Gold:   161        SH:  0    Dex: 17    Spells: 5/5 levels left

rFire    . . .     SeeInvis +   a - +1 falchion
rCold    . . .     Gourm    .   (shield restricted)
rNeg     . . .     Faith    .   b - +0 robe
rPois    .         Spirit   .   (helmet restricted)
rElec    .         Reflect  .   f - +1 cloak
rCorr    .         Harm     .   (gloves unavailable)
MR       +....                  (boots unavailable)
Stlth    +++.......             m - amulet of regeneration
HPRegen  0.50/turn              t - ring of wizardry
MPRegen  0.11/turn              (no ring)

@: very quick
A: very small, unfitting armour, see invisible, herbivore, speed 3, slow
metabolism 2
a: Depart the Abyss, Bend Space, Banish, Renounce Religion


You were on level 5 of the Dungeon.
You worshipped Lugonu.
Lugonu was most pleased with you.
You were hungry.

You visited 1 branch of the dungeon, and saw 5 of its levels.
You visited the Abyss 1 time.

You collected 161 gold pieces.

Inventory:

Hand Weapons
 a - a +1 falchion (weapon)
Missiles
 g - 5 silver boomerangs (quivered)
 j - 102 stones
 n - 112 sling bullets
 s - 4 boomerangs
 B - 30 poisoned darts
Armour
 b - a +0 robe (worn)
 f - a +1 cloak (worn)
 w - +0 ice dragon scales
Jewellery
 m - an amulet of regeneration (around neck)
 t - a ring of wizardry (left hand)
Wands
 C - a wand of enslavement (7)
Scrolls
 d - 2 scrolls of fear {unknown}
 e - 6 scrolls of teleportation
 i - 2 scrolls of remove curse {unknown}
 k - a scroll of magic mapping {unknown}
 q - a scroll of blinking {unknown}
 y - a scroll of amnesia {unknown}
 F - a scroll of enchant weapon {unknown}
Potions
 h - a potion of degeneration
 l - 2 potions of might {unknown}
 o - a potion of berserk rage
 p - a potion of brilliance
 r - a potion of flight
 u - a potion of invisibility
 x - a potion of lignification {unknown}
 z - 2 potions of haste {unknown}
 A - a potion of ambrosia {unknown}
 D - a potion of curing {unknown}
 E - a potion of resistance {unknown}
Comestibles
 c - 4 rations


   Skills:
 + Level 3.0 Fighting
 + Level 2.3 Long Blades
 * Level 5.9 Dodging
 * Level 5.0 Stealth
 + Level 2.7 Invocations


You had 5 spell levels left.
You didn't know any spells.
Your spell library was empty.

Dungeon Overview and Level Annotations

Branches:
Dungeon (5/15)
 Temple: D:4-7

Altars:
Elyvilon
Ru
Uskayaw

Shops:
D:4 [

Annotations:
D:3 2 transporters, splatterpode's ghost, amateur OpAs


Innate Abilities, Weirdness & Mutations

You are very small and have problems with some larger weapons.
You are too small for most types of armour.
You have supernaturally acute eyesight. (SInv)
You are a herbivore.
You cover ground extremely quickly.
You need to consume almost no food.


Message History

The orc priest hits you but does no damage.
You hit the orc priest.
The orc priest is severely wounded.
The orc priest hits you with a +0 hand axe.
* * * LOW HITPOINT WARNING * * *
You barely miss the orc priest.
The orc priest is severely wounded.
The orc priest misses you.
You hit the orc priest but do no damage.
The orc priest is severely wounded.
The orc priest barely misses you.
You riposte.
You completely miss the orc priest.
The orc priest is severely wounded.
The orc priest barely misses you.
You hit the orc priest but do no damage.
The orc priest is severely wounded.
A hound comes into view.
The orc priest invokes the aid of Beogh against you.
Pain shoots through your body!
You die...

# ### #. ##.######## .
.( #......##.##
....#o###..###.#.#.##
#...oo@........###.####
####h###.#....## ##...#
# #.#.....###.##.#
#.##.#.#.#.##...
#......##.###.##
########### #.## ..#
##... ....####....
#.....#.....


You could see a hound (wandering), an orc priest and 2 orcs.

Vanquished Creatures
  A bullfrog zombie (D:4)
  A bullfrog skeleton (D:4)
  2 worker ants (D:4)
  A hound zombie (D:4)
  A howler monkey zombie (D:4)
  3 adders
  2 adder zombies
  2 worms
  A dart slug (D:1)
  4 leopard geckos
  12 orcs
  6 bats
  5 giant cockroaches
  4 goblins
  10 hobgoblins
  7 jackals
  12 kobolds
  A ball python zombie (D:4)
  4 frilled lizards
  2 giant cockroach zombies (D:4)
  A jackal zombie (D:4)
  3 leopard gecko skeletons (D:4)
  A leopard gecko zombie (D:4)
  A quokka zombie (D:4)
  7 rats
94 creatures vanquished.

Notes
Turn   | Place    | Note
-------+----------+-------------------------------------------
     0 | Abyss:1  | Emblim88 the Spriggan Abyssal Knight began the quest for
                  | the Orb.
     0 | Abyss:1  | Reached XP level 1. HP: 11/11 MP: 3/3
     2 | Abyss:1  | Found a corrupted altar of Lugonu.
    88 | Abyss:1  | Noticed a quasit
    89 | D:1      | Escaped the Abyss
   192 | D:1      | Reached skill level 1 in Stealth
   232 | D:1      | Reached XP level 2. HP: 16/16 MP: 4/4
   294 | D:1      | Reached * piety under Lugonu
   698 | D:2      | Reached XP level 3. HP: 19/19 MP: 5/5
  1353 | D:2      | Found a sacrificial altar of Ru.
  1605 | D:3      | Noticed a phantom
  1609 | D:3      | Reached XP level 4. HP: 23/23 MP: 6/6
  1665 | D:3      | Reached ** piety under Lugonu
  1841 | D:3      | Found a white marble altar of Elyvilon.
  1877 | D:3      | Found a transporter.
  1885 | D:3      | Noticed splatterpode's ghost (amateur OpAs)
  2108 | D:3      | Found a transporter.
  2307 | D:3      | Reached skill level 5 in Dodging
  2387 | D:3      | Found a hide-covered altar of Uskayaw.
  2438 | D:3      | Found a sacrificial altar of Ru.
  2441 | D:3      | Found a white marble altar of Elyvilon.
  2630 | D:4      | Reached XP level 5. HP: 28/28 MP: 7/7
  2644 | D:4      | Found Jeenab's Armour Shoppe.
  2934 | D:4      | Reached skill level 5 in Stealth
  2934 | D:4      | Reached XP level 6. HP: 30/32 MP: 7/9
  3034 | D:5      | Entered Level 5 of the Dungeon
  3143 | D:5      | Reached *** piety under Lugonu
  3153 | D:5      | Killed from afar by an orc priest

Levels and vault maps discovered:
D:1:      ncdulo_smallfort, layout_basic, chequers_serial_rivers_micro_c
D:2:      layout_basic, first_ration, chequers_serial_rivers_room_a,
          grunt_decor_mini_mirrors, nicolae_ru_the_path_less_chosen
D:3:      layout_loops_ring, minmay_overflow_temple_star_quad,
          gammafunk_ghost_stat_death, elyvilon_altar_4
D:4:      layout_gridville, serial_undead, serial_undead_a, serial_undead_c,
          serial_undead_e, serial_undead_a, serial_shops, shop
D:5:      layout_loops_cross, lemuel_doored_altar, fedhas_altar_4,
          minmay_crossroads

Skill      XL: |  1  2  3  4  5 |
---------------+----------------+-----
Stealth        | 1 2 3 4 5 |  5.0
Invocations    | 2 |  2.7
Dodging        | 4 5 |  5.9
Long Blades    | 2 |  2.3
Fighting       | 3 |  3.0

Action                   |  1- 3 |  4- 6 || total
-------------------------+-------+-------++-------
Melee: Falchion          |   135 |   217 ||   352
Throw: Stone             |    11 |     6 ||    17
       Boomerang         |       |    20 ||    20
       Dart              |       |     8 ||     8
Invok: Depart the Abyss  |     1 |       ||     1
  Use: Scroll            |       |     6 ||     6
 Stab: Sleeping          |     3 |     4 ||     7
Armor: Robe              |    25 |    23 ||    48
Dodge: Dodged            |   137 |   236 ||   373
       Rpst.: Falchion   |    44 |    76 ||   120

Table legend:
 A = Non-vault XP
 B = Vault XP
 C = Vault XP percentage of total XP
 D = Non-vault monster count
 E = Vault monster count
 F = Vault count percentage of total count
                 A         B        C        D         E       F
            +---------+---------+-------+---------+---------+-------
      Total |     263 |     142 |  35.1 |      81 |      13 |  13.8
            +---------+---------+-------+---------+---------+-------
        D:1 |      40 |       0 |   0.0 |      21 |       0 |   0.0
        D:2 |      48 |       0 |   0.0 |      18 |       0 |   0.0
        D:3 |      95 |       0 |   0.0 |      34 |       0 |   0.0
        D:4 |      77 |     133 |  63.3 |       7 |      11 |  61.1
        D:5 |       3 |       9 |  75.0 |       1 |       2 |  66.7
            +---------+---------+-------+---------+---------+-------
